[Event "Czech Open Rapid G1 2024"]
[Site "Pardubice"]
[Date "2024.07.18"]
[Round "7.2"]
[White "Dobrowolski, Piotr"]
[Black "Kulon, Klaudia"]
[Result "0-1"]
[Annotator "TA"]
[ECO "C72"]
[WhiteElo "2412"]
[BlackElo "2380"]
[PlyCount "88"]
[EventDate "2024.07.16"]
[EventType "swiss"]
[EventCountry "CZE"]
[SourceTitle "playchess.com"]
[Source "ChessBase"]
[SourceQuality "1"]
[TimeControl "1200+10"]

1. e4 e5 2. Nf3 Nc6 3. Bb5 a6 4. Ba4 d6 5. O-O Bd7 6. c4 g6 7. d4 Bg7 8. d5 {[%emt 0:01:32] C72: Ruy Lopez: Deferred Steinitz: 5 0-0.} Nce7 9. Nc3 h6 10. Re1 f5 11. c5 Nf6 12. c6 $146 ({Predecessor:} 12. Qb3 Rb8 13. Be3 Bxa4 14. Qxa4+ Qd7 15. Qb3 Nxe4 16. c6 Qc8 17. Ba7 Nxc3 18. bxc3 {1-0 Fedorchuk,S (2664)-Moussard,J (2475) Paris-ch 90th 2015 (2)}) 12... bxc6 13. dxc6 Bxc6 14. exf5 gxf5 15. Bb3 Bd7 (15... Rb8 $15 {keeps the upper hand.}) 16. Nh4 $2 (16. Bf4 $1 $16 {[%cal Of3e5] Strongly threatening Nxe5!} Ng6 17. Bg3) 16... Rb8 $15 17. f4 e4 18. Be3 ({White should play} 18. Re3 $15) 18... Qc8 $17 19. Ba7 Rb7 20. Bd4 h5 (20... Be6 $17 {aiming for ...0-0.} 21. Bxf6 Bxf6 22. Qh5+ Kd8) 21. Re3 $2 (21. Rc1 $11) 21... c5 $19 22. Rg3 (22. Bxf6 $142 Bxf6 23. Rxe4 fxe4 24. Nxe4 Bd4+ (24... Bxh4 25. Nxd6+ Kf8 26. Nxc8 $16) 25. Kh1) 22... cxd4 $19 23. Rxg7 Qc5 $1 (23... dxc3 24. Qxd6 $16) 24. Na4 Bxa4 25. Bxa4+ Kf8 26. Rxe7 $2 (26. Rc1 {was the only defense.} Qa7 (26... Kxg7 $2 27. Rxc5 dxc5 28. Qc1 $19) 27. Rxe7 d3+ (27... Kxe7 28. Nxf5+ Kd8 29. Qd2 $11) 28. Kh1 Kxe7 (28... Rxe7 $2 29. Rc8+ Kg7 30. Nxf5+ Kh7 31. Nxe7 $19) 29. Ng6+ Kf7 30. Nxh8+ Kg7 31. Qe1) 26... Rxe7 (26... Kxe7 27. Rc1 Qa7 28. Nxf5+ Kd8 29. Qd2 $15) (26... d3+ $142 27. Kh1 Kxe7 (27... Rxe7 $2 28. Rc1 $19) 28. Ng6+ Kf7 29. Nxh8+ Kg7) 27. Rc1 $19 {[%emt 0:00:04] [#]} Qa7 $1 ({Avoid the trap} 27... Qd5 $2 28. Ng6+ (28. Bb3 Qb7 $16) 28... Kf7 29. Bb3 (29. Nxh8+ Kg7 $14) 29... Kxg6 30. Bxd5 Nxd5 31. Qxd4 $18) 28. Rc8+ {[%emt 0:00:10] [#]} (28. Nxf5 d3+ 29. Kh1 Rc7 $19) 28... Kg7 $1 ({Worse is} 28... Ne8 29. Kh1 d3 30. Nxf5 $11) 29. Nxf5+ Kh7 30. Rxh8+ ({Don't play} 30. Nxe7 d3+ 31. Kh1 Rxc8 (31... Qxe7 $2 32. Rc3 $19) 32. Nxc8 Qc7 $19) 30... Kxh8 31. Qxd4 Qxd4+ 32. Nxd4 e3 33. Ne2 d5 34. Bc2 a5 35. h3 $2 (35. Kf1 {was called for.}) 35... h4 $19 36. Kf1 Rc7 37. Bd3 Nh5 38. Bg6 Ng3+ 39. Nxg3 hxg3 40. Ke2 d4 41. Kd3 Rc1 42. Bh5 Rg1 43. Bf3 Rf1 44. Bd5 Rf2 0-1

[Event "Czech Open Rapid G1 2024"]
[Site "Pardubice"]
[Date "2024.07.18"]
[Round "7.3"]
[White "Pulpan, Jakub"]
[Black "Navara, David"]
[Result "1/2-1/2"]
[Annotator "TA"]
[ECO "A13"]
[WhiteElo "2383"]
[BlackElo "2682"]
[PlyCount "66"]
[EventDate "2024.07.16"]
[EventType "swiss"]
[EventCountry "CZE"]
[SourceTitle "playchess.com"]
[Source "ChessBase"]
[SourceQuality "1"]
[TimeControl "1200+10"]

1. Nf3 d5 2. e3 Nf6 3. c4 e6 4. b3 c5 5. Bb2 Nc6 6. cxd5 exd5 7. Bb5 Bd6 8. O-O {[%emt 0:00:28] Die Stellung ist ausgeglichen.} Bg4 9. d4 cxd4 10. Bxd4 O-O 11. Bb2 Ne4 12. Be2 Re8 (12... Bxf3 {vereinfacht} 13. Bxf3 Be5 14. Bxe5 Nxe5 15. Bxe4 dxe4 16. Nc3 f5) 13. Nbd2 $1 Rc8 14. Rc1 a6 15. Nd4 Bxe2 16. Qxe2 Qh4 {[%emt 0:00:59][%csl Gd6][%cal Rh4h2] [#]} 17. g3 Nxd4 18. Bxd4 Qh3 19. Nxe4 dxe4 20. Rfd1 Ba3 21. Bb2 Bxb2 22. Qxb2 h5 23. Rxc8 Rxc8 $11 {[%emt 0:00:02][%mdl 4096] Endspiel. KQR-KQR} 24. Qd4 Qg4 $1 25. Qd7 Rc2 26. Qxg4 hxg4 {[%emt 0:00:02] KR-KR} 27. Rd8+ Kh7 28. Rd6 Rxa2 29. Rb6 a5 30. Rxb7 f5 31. b4 a4 32. Ra7 a3 33. b5 Rb2 {[%emt 0:00:03] Eine ausgeglichene aber spannende Partie.   Gewichteter Fehlerwert: Weiß=0.02 (makellos) /Schwarz=0.03 (makellos) .  OK:         	Weiß=9     	Schwarz=9     Bester:       	Weiß=1     	Schwarz=1     Stark:        	Weiß=1     	Schwarz=1} 1/2-1/2

[Event "Czech Open Rapid G1 2024"]
[Site "Pardubice"]
[Date "2024.07.18"]
[Round "7.4"]
[White "Nisipeanu, Liviu-Dieter"]
[Black "Fishchuk, Vladyslav"]
[Result "1-0"]
[Annotator "TA"]
[ECO "B31"]
[WhiteElo "2583"]
[BlackElo "2234"]
[PlyCount "51"]
[EventDate "2024.07.16"]
[EventType "swiss"]
[EventCountry "CZE"]
[SourceTitle "playchess.com"]
[Source "ChessBase"]
[SourceQuality "1"]
[TimeControl "1200+10"]

1. e4 c5 2. Nf3 Nc6 3. Bb5 g6 4. O-O Bg7 5. Re1 e5 6. b4 Nxb4 7. c3 Nc6 8. d4 exd4 9. e5 {[%emt 0:00:01] The position is equal.} Nge7 10. cxd4 cxd4 11. Ba3 O-O 12. Nbd2 {[%emt 0:00:01] [#]} (12. Bc4 $11) 12... d6 13. Bxd6 $11 Re8 14. Ne4 Nf5 15. Bxc6 bxc6 16. Nxd4 (16. h3 $11) 16... Nxd6 $15 (16... Bxe5 17. Nxc6 Bxd6 18. Nxd8 $18) 17. Nxc6 (17. exd6 $15 Bd7 (17... Qb6 $2 18. Nf6+ Bxf6 19. Rxe8+ Kg7 20. Rb1 $18) 18. Rc1) 17... Qb6 $2 (17... Qd7 $17 {stays on course.} 18. exd6 (18. Qxd6 Re6 $17) 18... Qxc6) 18. Qxd6 $16 {[%emt 0:00:18] Rab1 would now be deadly. White is more active.} (18. Nxd6 $2 Qxc6 19. Rc1 Qd7 $19) 18... Bb7 {[%emt 0:01:32] Loses the game.} (18... Bf8 $16 19. Nf6+ Kh8) 19. Ne7+ $18 {[%emt 0:00:33] A dynamic duo of knights.} Kh8 {[%emt 0:00:01] [#] White must now prevent ...Bxe4.} 20. Ng5 Bf8 21. Rab1 Qxd6 (21... Bxe7 $142 22. Nxf7+ (22. Qxb6 $2 {loses.} axb6 23. Nxf7+ Kg8 $19) 22... Kg8 23. Rxb6 (23. Qxb6 $2 axb6 24. Rxb6 Bxg2 $19) 23... Bxd6 24. Rxb7 Bf8) 22. exd6 ({But not} 22. Nxf7+ Kg7 23. exd6 (23. Nxd6 Rxe7 24. Rxb7 Rxb7 $18) 23... Be4 24. Rxe4 Kxf7 $18) 22... Bxe7 23. Rxe7 ({Not} 23. dxe7 Bd5 $16) 23... Bd5 24. Nxf7+ Kg7 $2 (24... Bxf7 25. Rxf7 Rad8 26. Rxa7 Rxd6) 25. Rxe8 Rxe8 26. d7 {[%emt 0:00:01] Weighted Error Value: White=0.18 (very precise) /Black=0.57.  Mistake:       	White=3     	Black=5      Inaccurate:     	White=1     	---        OK:         	White=5     	Black=6      Best:        	White=5     	Black=3} 1-0

[Event "Czech Open Rapid G1 2024"]
[Site "Pardubice"]
[Date "2024.07.18"]
[Round "7.5"]
[White "Johansson, Linus"]
[Black "Burdalev, Kirill"]
[Result "1/2-1/2"]
[Annotator "TA"]
[ECO "D31"]
[WhiteElo "2451"]
[BlackElo "2348"]
[PlyCount "91"]
[EventDate "2024.07.16"]
[EventType "swiss"]
[EventCountry "CZE"]
[SourceTitle "playchess.com"]
[Source "ChessBase"]
[SourceQuality "1"]
[TimeControl "1200+10"]

1. d4 d5 2. c4 e6 3. Nc3 a6 4. cxd5 exd5 5. Qb3 c5 6. Qxd5 cxd4 7. Qxd8+ Kxd8 8. Nd5 Be6 9. Nf4 Bb4+ 10. Bd2 Bxd2+ 11. Kxd2 Ke7 12. g3 (12. Nxe6 {vereinfacht} fxe6 13. g3 Nf6 14. Bg2) 12... Nc6 13. Bg2 (13. Nxe6 {vereinfacht} fxe6 14. Bg2 Rc8 15. Nh3) 13... Nf6 14. Ngh3 (14. Nxe6 {vereinfacht} fxe6 15. Rc1 Rac8 16. Nh3) 14... Bd7 (14... Bf5 {vereinfacht} 15. Rhc1 Rac8 16. Bxc6 Rxc6 17. f3 Bxh3 18. Nxh3 Nd5) 15. Nd3 Kd6 (15... Nd8 $14) 16. Ng5 $16 Rhf8 17. h4 {[%emt 0:00:19] Weiß steht aktiver.} (17. Rhc1 $16) 17... Rae8 18. Rhd1 h6 {[%emt 0:00:11] [#]} 19. Nf3 Re7 20. Ke1 Rfe8 21. Nf4 Kc7 22. Rac1 ({Viel schlechter ist} 22. Nxd4 Nxd4 23. Rxd4 g5 24. Rc1+ Kb8 $11) 22... Kb8 23. Kf1 ({Ein No Go ist} 23. Nxd4 Nxd4 24. Rxd4 g5 $11) 23... Bg4 24. Nxd4 Nxd4 25. Rxd4 {[%emt 0:00:01] Die Stellung ist ausgeglichen.} g5 {[%emt 0:00:33] Verhindert e3.} 26. hxg5 hxg5 27. Nd5 Bxe2+ 28. Kg1 Nxd5 29. Rxd5 f6 30. a4 Bg4 31. Rd4 Bf5 32. Rb4 Be4 33. Re1 Bxg2 34. Rxe7 Rxe7 35. Kxg2 $11 {[%emt 0:00:01][%mdl 4096] Endspiel. KR-KR} Kc7 36. Kf3 f5 37. g4 Re5 38. b3 b5 39. axb5 axb5 40. Rd4 f4 41. b4 Kc6 42. Rd8 Kc7 43. Rd1 Kc6 44. Rd2 Kc7 45. Rd3 Kc6 46. Rd1 {[%emt 0:00:02] Gewichteter Fehlerwert: Weiß=0.08 (makellos) /Schwarz=0.07 (makellos) .  Fehler:       	Weiß=1     	Schwarz=1     Ungenau:       	Weiß=2     	Schwarz=2     OK:         	Weiß=18    	Schwarz=19    Bester:       	Weiß=2     	Schwarz=3} 1/2-1/2

[Event "Czech Open Rapid G1 2024"]
[Site "Pardubice"]
[Date "2024.07.18"]
[Round "7.6"]
[White "Movsesian, Julia"]
[Black "Piesik, Piotr"]
[Result "1/2-1/2"]
[Annotator "RC"]
[ECO "B12"]
[WhiteElo "2202"]
[BlackElo "2415"]
[PlyCount "154"]
[EventDate "2024.07.16"]
[EventType "swiss"]
[EventCountry "CZE"]
[SourceTitle "playchess.com"]
[Source "ChessBase"]
[SourceQuality "1"]
[TimeControl "1200+10"]

1. e4 c6 2. d4 d5 3. e5 Bf5 4. Nd2 e6 5. Nb3 Nd7 6. a4 Be7 7. Nf3 h5 8. Be2 g5 9. h3 Nh6 10. a5 a6 11. Be3 g4 12. hxg4 Nxg4 13. Bf4 Nf8 14. Qd2 Ng6 15. Bg5 f6 16. exf6 Nxf6 17. Nc5 Qc7 18. Ra3 Ne4 19. Nxe4 dxe4 20. Ne5 O-O-O 21. Nxg6 Bxg6 22. Rg3 h4 23. Rgh3 Bf5 24. Bf4 Qd7 25. Rb3 Bd6 26. Bxd6 Qxd6 27. Qb4 Qxb4+ 28. Rxb4 Rdg8 29. Bf1 e3 30. c3 exf2+ 31. Kxf2 Be4 32. Ra4 Rg4 33. Ra1 Rf8+ 34. Ke3 Bd5 35. Rh3 Re4+ 36. Kd3 Ref4 37. c4 Be4+ 38. Ke3 Bg6 39. Bd3 Bxd3 40. Kxd3 Rd8 41. Kc3 Rdxd4 42. b3 Rde4 43. Rd1 Rg4 44. Kb4 Rxg2 45. Rhd3 Rg7 46. Rf1 Rh7 47. Rdf3 Rd7 48. Rf8+ Kc7 49. Rh8 Red4 50. Rff8 Kd6 51. Rh5 Re4 52. Rfh8 Rf7 53. Rd8+ Ke7 54. Rdh8 Kd6 55. Rd8+ Ke7 56. Rdh8 Kd7 57. Kc5 Kc7 58. Rxh4 Rf5+ 59. Kb4 c5+ 60. Ka3 Rxh4 61. Rxh4 Rf1 62. Rh7+ Kc6 63. Re7 Re1 64. Kb2 Re2+ 65. Kc3 Re3+ 66. Kc2 Re4 67. Kd3 Re1 68. Kd2 Ra1 69. Rxe6+ Kd7 70. Rh6 Rxa5 71. Kc3 Ra1 72. Rh7+ Kc6 73. Rh6+ Kc7 74. Rh5 Kb6 75. Rh6+ Ka7 76. Rh5 Kb6 77. Rh6+ Kc7 1/2-1/2

[Event "Czech Open Rapid G1 2024"]
[Site "Pardubice"]
[Date "2024.07.18"]
[Round "7.7"]
[White "Karvatskyi, Oleksii"]
[Black "Cerveny, Martin"]
[Result "1-0"]
[Annotator "RC"]
[ECO "C41"]
[WhiteElo "1990"]
[BlackElo "2325"]
[PlyCount "109"]
[EventDate "2024.07.16"]
[EventType "swiss"]
[EventCountry "CZE"]
[SourceTitle "playchess.com"]
[Source "ChessBase"]
[SourceQuality "1"]
[TimeControl "1200+10"]

1. d4 d6 2. Nc3 Nf6 3. e4 e5 4. Nf3 Nbd7 5. h3 Be7 6. Be3 c6 7. a4 a5 8. Be2 O-O 9. O-O Qc7 10. Qd2 Re8 11. Bc4 exd4 12. Bxd4 Ne5 13. Nxe5 dxe5 14. Be3 Bb4 15. Bd3 Be6 16. Qe2 Bxc3 17. bxc3 c5 18. Bb5 Red8 19. Bg5 Qe7 20. f4 h6 21. Bh4 g5 22. fxe5 Nd7 23. Bg3 c4 24. Qh5 Kg7 25. h4 Rh8 26. Bf2 Nf8 27. Bd4 Ng6 28. Rf6 Nf4 29. Qf3 Kg8 30. g3 Ng6 31. h5 Nf8 32. Rf1 Rc8 33. g4 Rh7 34. Kg2 Nd7 35. Bxd7 Qxd7 36. Kg3 Qxa4 37. Rb1 Qd7 38. Rb6 Rc6 39. Rb5 a4 40. Ra5 Ra6 41. Rxa6 bxa6 42. Bc5 Qd8 43. Bd6 Kg7 44. Qf1 Rh8 45. Qf2 Qd7 46. Rg6+ fxg6 47. Qf6+ Kg8 48. Qxg6+ Qg7 49. Qxe6+ Qf7 50. Qf5 Rh7 51. e6 Qe8 52. Qf6 Rg7 53. e5 Kh7 54. Bf8 Rb7 55. e7 1-0

[Event "Czech Open Rapid G1 2024"]
[Site "Pardubice"]
[Date "2024.07.18"]
[Round "7.8"]
[White "Rasik, Vitezslav"]
[Black "Kuegel, Tobias"]
[Result "1/2-1/2"]
[Annotator "RC"]
[ECO "B50"]
[WhiteElo "2415"]
[BlackElo "2416"]
[PlyCount "22"]
[EventDate "2024.07.16"]
[EventType "swiss"]
[EventCountry "CZE"]
[SourceTitle "playchess.com"]
[Source "ChessBase"]
[SourceQuality "1"]
[TimeControl "1200+10"]

1. e4 c5 2. Nf3 d6 3. c3 Nf6 4. h3 Nc6 5. Bd3 e5 6. Bc2 g6 7. d4 cxd4 8. cxd4 exd4 9. Nxd4 Bg7 10. O-O O-O 11. Be3 Re8 1/2-1/2

[Event "Czech Open Rapid G1 2024"]
[Site "Pardubice"]
[Date "2024.07.18"]
[Round "7.9"]
[White "Stocek, Jiri"]
[Black "Seger, Ruediger"]
[Result "1-0"]
[Annotator "TA"]
[ECO "D97"]
[WhiteElo "2524"]
[BlackElo "2264"]
[PlyCount "63"]
[EventDate "2024.07.16"]
[EventType "swiss"]
[EventCountry "CZE"]
[SourceTitle "playchess.com"]
[Source "ChessBase"]
[SourceQuality "1"]
[TimeControl "1200+10"]

1. d4 Nf6 2. c4 g6 3. Nc3 d5 4. Nf3 Bg7 5. Qb3 dxc4 6. Qxc4 O-O 7. e4 Nc6 8. Bf4 Bg4 9. d5 Bxf3 10. dxc6 {[%emt 0:02:14] [#]} (10. gxf3 {vereinfacht} Nh5 11. Be3 Ne5 12. Qe2) 10... b5 {[%emt 0:00:03] Schwarz hat minimalen Vorteil.} 11. Nxb5 Bxe4 12. Rd1 {[%emt 0:03:25] Lässt Qd5 nicht zu} (12. Nxc7 e5 13. Bg5 (13. Nxa8 $2 exf4 14. f3 Bd5 $19) (13. Bxe5 $2 Qe7 $19) 13... Qxc7 $17) (12. Bxc7 Qc8 13. Rd1 a6 $17) 12... Qc8 (12... Bd5 13. Qa4 $14 (13. Bxc7 $2 Bxc4 14. Rxd8 Rfxd8 $19)) 13. f3 (13. Bxc7 a6 14. Nc3 Qxc7 $17) (13. Nxc7 $11 Rb8 14. Nb5 Rxb5 15. Qxb5 Bxc6 16. Qc4) 13... Qf5 $1 $17 14. Bxc7 {[%emt 0:03:35] [#]} (14. fxe4 $2 Qxf4 15. Be2 Rfd8 $19 (15... Nxe4 16. Rf1 $11)) 14... Bxf3 15. Bd3 {[%emt 0:00:02] [#]} Be4 (15... Bd5 $1 $17 {...Qe6+ ist eine echte Drohung.} 16. Bxf5 Bxc4) 16. Bxe4 $11 Qxe4+ 17. Qxe4 Nxe4 18. Ba5 a6 19. Nc7 Rac8 20. Nd5 $36 {[%emt 0:01:09][%mdl 2048] Weiss hat Druck.} (20. Nxa6 $2 Rxc6 21. Nc7 Bxb2 $19) 20... Rfe8 21. c7 Be5 (21... Bxb2 $11 22. O-O e6) 22. Rc1 $14 e6 $1 23. Ne3 Bxb2 24. Rc2 Bd4 25. Ke2 {[%emt 0:00:10][%mdl 1024] Weiss hat Kompensation.} Nd6 (25... Nf6 $14) 26. Rd1 $16 e5 27. Nd5 {[%emt 0:00:12] Droht stark Bb4.} Kg7 28. Rc6 Re6 (28... Ne4 {war nötig.} 29. Nb6 (29. Rxa6 h5 $18) 29... Bxb6 30. Bxb6 Ng5) 29. Rb1 $18 Nb5 $2 (29... Ne8 {war einen Versuch wert.} 30. Rxe6 fxe6) 30. Rxe6 fxe6 31. Rxb5 ({Nicht} 31. Ne7 Rxc7 32. Bxc7 Nc3+ 33. Kd3 Nxb1 $14) 31... exd5 (31... axb5 $142 32. Ne7 Ra8) 32. Rxd5 {[%emt 0:00:24] Gewichteter Fehlerwert: Weiß=0.09 (makellos) /Schwarz=0.43.  Fehler:       	Weiß=1     	Schwarz=6     Ungenau:       	Weiß=1     	Schwarz=2     OK:         	Weiß=14    	Schwarz=8     Bester:       	Weiß=3     	---        Stark:        	---       	Schwarz=2     Brilliant:      	---       	Schwarz=1} 1-0

[Event "Czech Open Rapid G1 2024"]
[Site "Pardubice"]
[Date "2024.07.18"]
[Round "7.10"]
[White "Neuman, Petr"]
[Black "Hosticka, Frantisek"]
[Result "1-0"]
[Annotator "RC"]
[ECO "A25"]
[WhiteElo "2441"]
[BlackElo "2062"]
[PlyCount "59"]
[EventDate "2024.07.16"]
[EventType "swiss"]
[EventCountry "CZE"]
[SourceTitle "playchess.com"]
[Source "ChessBase"]
[SourceQuality "1"]
[TimeControl "1200+10"]

1. c4 e5 2. g3 Nf6 3. Bg2 Nc6 4. Nc3 Bb4 5. Nd5 Bc5 6. e3 O-O 7. Ne2 Re8 8. a3 a5 9. O-O d6 10. h3 e4 11. Qc2 Ne5 12. Nxf6+ Qxf6 13. Bxe4 Bxh3 14. Nf4 Bxf1 15. Kxf1 Ng6 16. Bxb7 Nxf4 17. gxf4 Rab8 18. Bc6 Re7 19. d4 Bb6 20. Bd2 Bxd4 21. exd4 Qxd4 22. Qc3 Qc5 23. Bf3 a4 24. Be3 Qf5 25. Rd1 Rb3 26. Qd4 h5 27. Kg2 Re6 28. Kh2 c5 29. Qd5 Rxb2 30. Qxf5 1-0

[Event "Czech Open Rapid G1 2024"]
[Site "Pardubice"]
[Date "2024.07.18"]
[Round "7.11"]
[White "Ludvik, Tomas"]
[Black "Jirka, Jiri"]
[Result "1/2-1/2"]
[Annotator "TA"]
[ECO "D15"]
[WhiteElo "2210"]
[BlackElo "2387"]
[PlyCount "106"]
[EventDate "2024.07.16"]
[EventType "swiss"]
[EventCountry "CZE"]
[SourceTitle "playchess.com"]
[Source "ChessBase"]
[SourceQuality "1"]
[TimeControl "1200+10"]

1. d4 d5 2. c4 c6 3. Nf3 Nf6 4. Nc3 a6 5. e3 b5 6. b3 Bf5 7. Ne5 h6 8. g4 Be4 (8... Bh7 $11 {remains equal.}) 9. Nxe4 $16 {[%emt 0:03:25] White is better.} Nxe4 10. Bd2 {[%emt 0:00:01] Active counter play!} ({Better is} 10. Qc2 $16) 10... e6 $11 11. Bg2 Nf6 (11... Nxd2 $11 12. Qxd2 Bd6) 12. O-O $16 Bd6 13. f4 O-O 14. Qe2 Ra7 15. Rad1 Ne4 16. Be1 (16. Bxe4 $142 dxe4 17. Bc3) 16... Qe8 17. Kh1 f6 {[%emt 0:00:28] [#]} 18. Nd3 Nd7 19. Rc1 f5 20. Ne5 Ndf6 21. gxf5 exf5 22. Bh3 Qe6 {[%emt 0:00:54] [#]} (22... g6 $14) 23. Nxc6 (23. Qg2 $1 $16) 23... Rc7 $11 24. Ne5 $36 {[%emt 0:00:28][%mdl 2048] Threatens to win with c5. White is pushing.} bxc4 25. Ba5 Rcc8 (25... Bxe5 $2 26. fxe5 Rc6 27. Bxf5 $18 (27. exf6 Rxf6 28. Bg2 Rg6 $18)) 26. bxc4 dxc4 27. Nxc4 Nd5 {[%emt 0:01:25][%cal Od5f4] A dynamic duo of knights.} 28. Ne5 Rxc1 29. Rxc1 Rc8 (29... Bxe5 $1 $14 30. fxe5 (30. dxe5 Rc8 $11) 30... h5) 30. Rxc8+ $16 Qxc8 31. Qc4 Qe6 (31... Qxc4 $16 {was called for.} 32. Nxc4 g6) 32. Bxf5 Qxf5 33. Qxd5+ Kh7 34. Be1 Bxe5 35. Qxe5 {[%emt 0:00:15][%mdl 4096] Endgame. KQB-KQN} (35. dxe5 $16 {And now a4 would win.} Nf6 36. Qd4 (36. exf6 $2 {too greedy.} Qxd5+ 37. Kg1 gxf6 $19)) 35... Qg6 $11 36. d5 {[%emt 0:00:35] h3 is the strong threat.} Nf6 37. Bg3 Qb1+ 38. Kg2 Qxa2+ 39. Bf2 Qxd5+ 40. Qxd5 Nxd5 {[%emt 0:00:01] KB-KN} 41. Kf3 a5 42. e4 Nb4 43. Be1 Nc6 44. Bc3 a4 45. e5 Kg6 46. Ke4 Ne7 (46... Kf7 $11 {keeps the balance.}) 47. e6 (47. Bb2 $16) 47... Nf5 $2 (47... a3 $11) 48. Ke5 $2 (48. Bb2 $18 h5 49. Ke5) 48... a3 {[%emt 0:00:02] The position is equal.} 49. Kd5 a2 50. Kc6 Kh5 51. Kd7 Kg4 52. e7 ({Don't blunder} 52. h3+ $2 Kxh3 53. e7 Nxe7 54. Kxe7 Kg4 $19) 52... Nxe7 53. Kxe7 g5 {[%emt 0:00:19] Weighted Error Value: White=0.30/Black=0.20 (precise) .  Loses game:     	---       	Black=1      Missed win:     	White=1     	---        Mistake:       	White=5     	Black=6      Inaccurate:     	White=2     	Black=2      OK:         	White=19    	Black=20     Best:        	White=4     	Black=5} 1/2-1/2

[Event "Czech Open Rapid G1 2024"]
[Site "Pardubice"]
[Date "2024.07.18"]
[Round "7.12"]
[White "Eropunov, Gleb"]
[Black "Lalic, Bogdan"]
[Result "1/2-1/2"]
[Annotator "RC"]
[ECO "C84"]
[WhiteElo "2190"]
[BlackElo "2348"]
[PlyCount "30"]
[EventDate "2024.07.16"]
[EventType "swiss"]
[EventCountry "CZE"]
[SourceTitle "playchess.com"]
[Source "ChessBase"]
[SourceQuality "1"]
[TimeControl "1200+10"]

1. e4 e5 2. Nf3 Nc6 3. Bb5 a6 4. Ba4 Nf6 5. d4 exd4 6. O-O Be7 7. e5 Ne4 8. Nxd4 O-O 9. Nf5 d5 10. exd6 Nxd6 11. Nxe7+ Nxe7 12. Bf4 Be6 13. Bb3 Bxb3 14. axb3 Nef5 15. Nc3 Re8 1/2-1/2

[Event "Czech Open Rapid G1 2024"]
[Site "Pardubice"]
[Date "2024.07.18"]
[Round "7.13"]
[White "Konopka, Michal"]
[Black "Vrana, Frantisek"]
[Result "1/2-1/2"]
[Annotator "RC"]
[ECO "A88"]
[WhiteElo "2326"]
[BlackElo "2147"]
[PlyCount "89"]
[EventDate "2024.07.16"]
[EventType "swiss"]
[EventCountry "CZE"]
[SourceTitle "playchess.com"]
[Source "ChessBase"]
[SourceQuality "1"]
[TimeControl "1200+10"]

1. Nf3 f5 2. c4 Nf6 3. Nc3 g6 4. b3 Bg7 5. Bb2 O-O 6. g3 d6 7. d4 c6 8. Bg2 Qe8 9. d5 Na6 10. O-O Bd7 11. Nd4 Nc7 12. Qd2 c5 13. Ne6 Nxe6 14. dxe6 Bxe6 15. Bxb7 Rb8 16. Bg2 Qf7 17. Rad1 h6 18. f4 Kh7 19. Nd5 Nxd5 20. cxd5 Bd7 21. Bc3 Bxc3 22. Qxc3 Qf6 23. Qxf6 exf6 24. e4 Rfe8 25. Rfe1 fxe4 26. Bxe4 Kg7 27. Kf2 Re7 28. Bd3 Rbe8 29. Rxe7+ Rxe7 30. Rc1 a5 31. h4 Be8 32. Re1 Rxe1 33. Kxe1 g5 34. Kd2 Kf7 35. Kc3 Bd7 36. a3 Ke7 37. b4 axb4+ 38. axb4 cxb4+ 39. Kxb4 gxh4 40. gxh4 Bg4 41. Kb5 Bf3 42. Kc6 Bg4 43. Be4 Bd7+ 44. Kc7 Bg4 45. Bd3 1/2-1/2

[Event "Czech Open Rapid G1 2024"]
[Site "Pardubice"]
[Date "2024.07.18"]
[Round "7.14"]
[White "Bures, Jaroslav"]
[Black "Berin, Artem"]
[Result "1/2-1/2"]
[Annotator "RC"]
[ECO "C07"]
[WhiteElo "2418"]
[BlackElo "2234"]
[PlyCount "136"]
[EventDate "2024.07.16"]
[EventType "swiss"]
[EventCountry "CZE"]
[SourceTitle "playchess.com"]
[Source "ChessBase"]
[SourceQuality "1"]
[TimeControl "1200+10"]

1. e4 e6 2. d4 d5 3. Nd2 c5 4. Ngf3 cxd4 5. Nxd4 Nc6 6. Bb5 Bd7 7. Nxc6 bxc6 8. Bd3 Bd6 9. Qe2 e5 10. c4 d4 11. c5 Bxc5 12. Nc4 Qe7 13. Qh5 Bb4+ 14. Bd2 Bxd2+ 15. Kxd2 Be6 16. Qxe5 Bxc4 17. Qxe7+ Kxe7 18. Bxc4 Nf6 19. Rhe1 Nd7 20. e5 Nb6 21. Rac1 Rab8 22. Bb3 Rhc8 23. Rc5 Nd7 24. Ra5 Rc7 25. e6 fxe6 26. Rxe6+ Kd8 27. Rf5 Rb5 28. Rxb5 cxb5 29. Rd6 Ke7 30. Rxd4 Nc5 31. Bc2 h6 32. h4 Ne6 33. Rg4 Kf6 34. h5 Ke5 35. g3 Rd7+ 36. Ke3 Rc7 37. f4+ Kd6 38. Bb3 Nf8 39. Kd4 a5 40. f5 a4 41. Bg8 Re7 42. Be6 Rc7 43. Bg8 Re7 44. Kc3 Kc5 45. b4+ axb3 46. Bxb3 Nd7 47. Rg6 Nf6 48. g4 b4+ 49. Kd3 Nd7 50. Kc2 Ne5 51. g5 Nxg6 52. hxg6 hxg5 53. f6 Rc7 54. Bf7 Kd6+ 55. Kd3 gxf6 56. g7 Rc8 57. g8=Q Rxg8 58. Bxg8 Ke5 59. Kc4 g4 60. Bd5 f5 61. Bb7 f4 62. Kxb4 f3 63. a4 Kf4 64. a5 g3 65. Bxf3 Kxf3 66. a6 g2 67. a7 g1=Q 68. a8=Q+ Kf2 1/2-1/2

[Event "Czech Open Rapid G1 2024"]
[Site "Pardubice"]
[Date "2024.07.18"]
[Round "7.15"]
[White "Prokofiev, Valentyn"]
[Black "Garsky, Vladyslav"]
[Result "1-0"]
[Annotator "RC"]
[ECO "D30"]
[WhiteElo "2337"]
[BlackElo "2137"]
[PlyCount "81"]
[EventDate "2024.07.16"]
[EventType "swiss"]
[EventCountry "CZE"]
[SourceTitle "playchess.com"]
[Source "ChessBase"]
[SourceQuality "1"]
[TimeControl "1200+10"]

1. Nf3 Nf6 2. c4 e6 3. d4 d5 4. e3 Be7 5. b3 b6 6. Bd3 Bb7 7. O-O Nbd7 8. Bb2 dxc4 9. bxc4 c5 10. Nbd2 O-O 11. Qe2 Qc7 12. Rac1 Rac8 13. Rfd1 Rfd8 14. Nf1 Nf8 15. Ne5 Ng6 16. f4 cxd4 17. Bxg6 hxg6 18. exd4 a6 19. Nd2 b5 20. cxb5 Qa5 21. Ndc4 Qxb5 22. a4 Qe8 23. Nb6 Rxc1 24. Rxc1 Nd5 25. Nxd5 Bxd5 26. Qxa6 Ra8 27. Qb5 Qxb5 28. axb5 Bd6 29. Nd7 Ra2 30. Rc2 Ba3 31. Rc8+ Kh7 32. Bxa3 Rxa3 33. Nf8+ Kh6 34. Nxe6 g5 35. fxg5+ Kh7 36. Nf4 Be4 37. Re8 Bf5 38. Re5 g6 39. Nd5 Ra1+ 40. Kf2 Ra2+ 41. Re2 1-0